 Dungeon Crawl Stone Soup version 0.28-a0-1117-g0bdd5ba030 (webtiles) character file.

Game seed: 18017069716595787137

137 anonymouscript the Bolt Thrower (level 5, -5/46 HPs)
             Began as a Deep Dwarf Hunter on Dec 12, 2021.
             Was a Follower of the Shining One.
             Slain by a rust devil (11 damage)
             ... summoned by a kobold demonologist
             ... on level 7 of the Dungeon.
             The game lasted 00:14:11 (1040 turns).

anonymouscript the Bolt Thrower (Deep Dwarf Hunter) Turns: 1040, Time: 00:14:11

Health: -5/46      AC: -8    Str: 16    XL:     5   Next: 0%
Magic:  1/4        EV: 12    Int: 11    God:    the Shining One [*.....]
Gold:   122        SH:  6    Dex: 15    Spells: 2/4 levels left

rFire   . . .      SeeInvis .   b - +0 short sword
rCold   . . .      Faith    .   (no shield)
rNeg    . . .      Spirit   .   c - +0 leather armour
rPois   .          Reflect  .   (no helmet)
rElec   .          Harm     .   (no cloak)
rCorr   .          Rampage  .   (no gloves)
Will    .....                   (no boots)
Stlth   +.........              (no amulet)
HPRegen 0.00/turn               (no ring)
MPRegen 0.09/turn               (no ring)

@: divinely shielded, corroded, slowed, glowing, very slow
A: damage resistance, heal wounds, sense surroundings 1, no regeneration
a: Heal Wounds, Renounce Religion, Divine Shield


You were on level 7 of the Dungeon.
You worshipped the Shining One.
The Shining One was aware of your devotion.
You visited 1 branch of the dungeon, and saw 7 of its levels.

You collected 122 gold pieces.

Inventory:

Hand Weapons
 a - a +1 hand crossbow
 b - a +0 short sword (weapon)
 m - a +0 dagger
Missiles
 d - 11 bolts
 i - 30 sling bullets
Armour
 c - a +0 leather armour (worn)
 k - a +0 ring mail
Wands
 p - a wand of flame (12)
Scrolls
 e - a scroll of amnesia {unknown}
 g - 3 scrolls of fog {unknown}
 h - a scroll of vulnerability {unknown}
 l - a scroll of noise {unknown}
 q - a scroll of fear {unknown}
Potions
 f - a potion of flight {unknown}
 j - a potion of heal wounds {unknown}
 n - a potion of lignification {unknown}
 o - a potion of might {unknown}


   Skills:
 + Level 2.7 Fighting
 + Level 6.0 Crossbows
 + Level 1.3 Armour
 + Level 2.3 Dodging
 + Level 1.3 Stealth
 + Level 0.1 Invocations


You had 2 spell levels left.
You knew the following spells:

 Your Spells              Type           Power      Damage    Failure   Level
a - Passwall              Tmut/Erth      0%         N/A       54%         2

Your spell library contained the following spells:

 Spells                   Type           Power      Damage    Failure   Level
 Slow                     Hex            0%         N/A       41%         1
 Confusing Touch          Hex            0%         N/A       78%         3
 Swiftness                Air            0%         N/A       78%         3
 Vampiric Draining        Necr           0%         2d6       78%         3


Dungeon Overview and Level Annotations

Branches:
Dungeon (7/15)
 Temple: D:4-7

Altars:
The Shining One


Innate Abilities, Weirdness & Mutations

You are resistant to damage.
You can heal yourself by infusing magical energy.
You passively map a small area around you.
You do not regenerate.


Message History

The curare-tipped dart hits you.
You are more poisoned.
You have difficulty breathing.
You feel as though you will be slow longer.
The kobold brigand throws a curare-tipped dart.
The curare-tipped dart closely misses you.
The kobold demonologist gestures wildly while chanting.
A kobold comes into view. It is wielding a +0 short sword.
A kobold comes into view. It is wielding a +0 dagger.
The kobold shouts!
You hear a shout!
You are no longer poisoned.
The shadow imp barely misses you.
A kobold demonologist comes into view. It is wielding a +0 dagger.
The kobold demonologist mumbles some strange words.
The kobold shouts!
The shadow imp hits you.
The kobold demonologist mumbles some strange words. x2
You hear a shout!
The kobold demonologist gestures wildly while chanting. x2
The shadow imp disappears in a puff of smoke!
A kobold comes into view. It is wielding a +0 dagger.
The crimson imp blinks!
The kobold demonologist looks encouraged for a moment.
The rust devil hits you. The rust devil corrodes you!
A kobold brigand comes into view.
It is wielding a +0 whip and quivering curare-tipped darts.
The kobold brigand shouts!
The kobold demonologist gestures wildly while chanting.
The rust devil closely misses you.
The kobold demonologist mumbles some strange words.
The kobold brigand moves out of view.
A divine shield forms around you! The rust devil hits you!
* * * LOW HITPOINT WARNING * * *
The rust devil corrodes you! The rust devil hits you!
* * * LOW HITPOINT WARNING * * *
The rust devil corrodes you!
The crimson imp grinds its teeth.
The kobold demonologist gestures wildly while chanting.
The kobold demonologist casts a spell.
The rust devil hits you!
You die...

#########
#.......# *
#.......# ,
#.......# *
,, #.......#
#.......# * ,
, ##.......#
,
######.<...#
* * ,,
*#.....@#.###
#.####4..#
*** #3.### >
,, #.## , ,
###K# , *
#.K5# * *
####K##### *
#...K5...#
###..K.....#


You could see a soul eater (summoned), a rust devil (summoned), a kobold
demonologist, a kobold brigand and a quasit (summoned).

Vanquished Creatures
  A scorpion (D:4)
  Jessica (D:2)
  2 adders
  A worm (D:2)
  A dart slug (D:2)
  An orc (D:3)
  2 ball pythons (D:2)
  5 endoplasms
  A giant cockroach (D:2)
  2 goblins
  2 hobgoblins
  2 kobolds
  2 bats
  2 frilled lizards
  4 rats
  A spectral goblin (D:3)
30 creatures vanquished.

Notes
Turn   | Place    | Note
-------+----------+-------------------------------------------
     0 | D:1      | anonymouscript the Deep Dwarf Hunter began the quest for
                  | the Orb.
     0 | D:1      | Reached XP level 1. HP: 19/19 MP: 1/1
   174 | D:2      | Reached XP level 2. HP: 26/26 MP: 2/2
   307 | D:2      | Reached skill level 5 in Crossbows
   341 | D:2      | Reached XP level 3. HP: 30/33 MP: 3/3
   363 | D:2      | Learned a level 2 spell: Passwall
   366 | D:2      | Noticed Jessica
   373 | D:2      | Killed Jessica
   586 | D:3      | Found a faded altar of an unknown god.
   611 | D:3      | Prayed at the altar of an unknown god.
   611 | D:3      | Became a worshipper of the Shining One
   611 | D:3      | Reached * piety under the Shining One
   674 | D:3      | Reached XP level 4. HP: 37/40 MP: 4/4
   729 | D:4      | Noticed a scorpion
   763 | D:4      | Killed a scorpion
   764 | D:4      | Reached skill level 6 in Crossbows
   764 | D:4      | Reached skill level 1 in Armour
   764 | D:4      | Reached XP level 5. HP: 24/46 MP: 2/5
   822 | D:5      | Entered Level 5 of the Dungeon
  1021 | D:7      | Noticed a kobold demonologist
  1030 | D:7      | Noticed a kobold demonologist
  1031 | D:7      | Noticed a rust devil
  1039 | D:7      | Noticed a red devil
  1040 | D:7      | Slain by a rust devil

Illustrated notes

Levels and vault maps discovered:
D:1:      amcnicky_arrival_gap_in_the_tavern_cellar, layout_basic
D:2:      layout_rooms, uniq_jessica
D:3:      layout_basic, dreamdust_ecumenical_altar_drowned_temple
D:4:      layout_loops_corners, kennysheep_doodads
D:5:      layout_basic, minmay_shop_grid_forest, uniq_blork_the_orc
D:6:      layout_loops_ring, lemuel_tele_altar
D:7:      layout_rooms, grunt_temple_overflow_cloverleaf, temple_pool_b

Skill      XL: |  1  2  3  4 |
---------------+-------------+-----
Fighting       | 2 |  2.7
Crossbows      | 5 6 |  6.0
Armour         | 1 |  1.3
Dodging        | |  2.3
Stealth        | |  1.3
Invocations    | |  0.1

Action                   |  1- 3 |  4- 6 || total
-------------------------+-------+-------++-------
Melee: Short sword       |       |     4 ||     4
 Fire: Hand crossbow     |    63 |    12 ||    75
Invok: Divine Shield     |       |     2 ||     2
 Abil: Heal Wounds       |       |     1 ||     1
  Use: Potion            |     1 |       ||     1
Armor: Leather armour    |     3 |     1 ||     4
Dodge: Dodged            |    13 |    13 ||    26
Block: Other             |       |     5 ||     5

Table legend: (Time is in decaauts)
 A = Elapsed time spent in this place.
 B = Non-inter-level travel time spent in this place.
 C = Inter-level travel time spent in this place.
 D = Time resting spent in this place.
 E = Time spent auto-exploring this place.
 F = Levels seen in this place.
 G = Mean time per level.
                   A        B        C        D        E       F      G
               +--------+--------+--------+--------+--------+-----+--------+
         Total |   1072 |   1034 |     38 |      0 |    252 |   7 |  153.1 |
       Dungeon |   1072 |   1034 |     38 |      0 |    252 |   7 |  153.1 |
               +--------+--------+--------+--------+--------+-----+--------+

Top non-repeatable levels by time:
     D:2: 419 daAuts
     D:3: 253 daAuts
     D:4: 121 daAuts
     D:5: 120 daAuts
     D:6: 55 daAuts
     D:1: 50 daAuts
     D:7: 50 daAuts
